TOP OF THE 1ST |
Brownsville Cannoneers batting - Pitching for Honolulu Tornado : RHP Chris Shuller
|
Pitching: RHP Chris Shuller
|
|
Batting: RHB Rusty Hendershot
|
0-0: Ball 1-0: Foul Ball, location: 3SF 1-1: Swinging Strike 1-2: Foul Ball, location: 3F 1-2: Strikes out swinging
|
Batting: RHB Mike Dolan
|
0-0: Called Strike 0-1: Ball 1-1: Swinging Strike 1-2: Strikes out looking
|
Batting: LHB Nick Gordian
|
0-0: Ball 1-0: Fly out, F8 (Flyball, 8RD, EV 105.0 MPH)
|
Top of the 1st over - 0 runs, 0 hits, 0 errors, 0 left on base; Brownsville 0 - Honolulu 0 |
BOTTOM OF THE 1ST |
Honolulu Tornado batting - Pitching for Brownsville Cannoneers : RHP Chad Irwin
|
Pitching: RHP Chad Irwin
|
|
Batting: LHB Vinny Vegas
|
0-0: Called Strike 0-1: Foul Ball, location: 2F 0-2: Ball 1-2: Foul Ball, location: 3DF 1-2: Ground out 6-3 (Groundball, 6M, EV 84.4 MPH)
|
Batting: RHB Miguel Liriano
|
0-0: Ball 1-0: Ball 2-0: Called Strike 2-1: Swinging Strike 2-2: Fly out, F7 (Flyball, 78S, EV 91.3 MPH)
|
Batting: LHB Roberto Lopez
|
0-0: Ball 1-0: Ball 2-0: Called Strike 2-1: Called Strike 2-2: Foul Ball, location: 2F 2-2: Strikes out swinging
|
Bottom of the 1st over - 0 runs, 0 hits, 0 errors, 0 left on base; Brownsville 0 - Honolulu 0 |
TOP OF THE 2ND |
Brownsville Cannoneers batting - Pitching for Honolulu Tornado : RHP Chris Shuller
|
Batting: RHB Mike Lamberg
|
0-0: Ball 1-0: Foul Ball, location: 5F 1-1: Called Strike 1-2: Ball 2-2: Ball 3-2: Strikes out swinging
|
Batting: LHB Jim Draper
|
0-0: Fly out, F7 (Flyball, 78M, EV 81.3 MPH)
|
Batting: LHB John Aronson
|
0-0: SINGLE (Groundball, 34D, EV 95.6 MPH)
|
Batting: RHB Adam Pagnucco
|
0-0: Called Strike 0-1: Foul Ball, location: 9LSF 0-2: Ball 1-2: Foul Ball, location: 3FF 1-2: Foul Ball, location: 7LMF 1-2: Ball 2-2: Ball 3-2: Base on Balls John Aronson to second
|
Batting: RHB Rickey Brooks
|
0-0: Swinging Strike 0-1: Foul Ball, location: 9LMF 0-2: Ball 1-2: Ball 2-2: Ball 3-2: Strikes out swinging
|
Top of the 2nd over - 0 runs, 1 hit, 0 errors, 2 left on base; Brownsville 0 - Honolulu 0 |
BOTTOM OF THE 2ND |
Honolulu Tornado batting - Pitching for Brownsville Cannoneers : RHP Chad Irwin
|
Batting: RHB Pete Amerson
|
0-0: Ball 1-0: Called Strike 1-1: Called Strike 1-2: Ball 2-2: Fly out, F8 (Flyball, 8LD, EV 96.3 MPH)
|
Batting: SHB Jonathan Laura
|
0-0: Foul Ball, location: 5F 0-1: SINGLE (Line Drive, 4D, EV 108.1 MPH)
|
Batting: RHB Jesus Pineda
|
0-0: Ball 1-0: Ball 2-0: Foul Ball, location: 3F 2-1: Called Strike 2-2: Foul Ball, location: 2F 2-2: Hit by Pitch Jonathan Laura to second
|
Batting: LHB Darryl Gridley
|
0-0: Ball 1-0: Called Strike 1-1: Grounds into double play, 3-6-1 (Groundball, 3, EV 102.5 MPH)
|
Bottom of the 2nd over - 0 runs, 1 hit, 0 errors, 1 left on base; Brownsville 0 - Honolulu 0 |
TOP OF THE 3RD |
Brownsville Cannoneers batting - Pitching for Honolulu Tornado : RHP Chris Shuller
|
Batting: SHB Rick Miskovsky
|
0-0: Called Strike 0-1: Ball 1-1: Ball 2-1: Foul Ball, location: 5F 2-2: Strikes out swinging
|
Batting: RHB Rusty Hendershot
|
0-0: Called Strike 0-1: Swinging Strike 0-2: Strikes out swinging
|
Batting: RHB Mike Dolan
|
0-0: Foul Ball, location: 9LSF 0-1: Ball 1-1: Ball 2-1: Swinging Strike 2-2: Strikes out swinging, 2-3 out at first.
|
Top of the 3rd over - 0 runs, 0 hits, 0 errors, 0 left on base; Brownsville 0 - Honolulu 0 |
BOTTOM OF THE 3RD |
Honolulu Tornado batting - Pitching for Brownsville Cannoneers : RHP Chad Irwin
|
Batting: LHB Sergio Flores
|
0-0: Ball 1-0: Ball 2-0: Ground out 4-3 (Groundball, 4, EV 84.4 MPH)
|
Batting: RHB Jonathan Maldonado
|
0-0: Fly out, F9 (Flyball, 89XD, EV 111.3 MPH)
|
Batting: LHB Vinny Vegas
|
0-0: Ground out 4-3 (Groundball, 4, EV 82.5 MPH)
|
Bottom of the 3rd over - 0 runs, 0 hits, 0 errors, 0 left on base; Brownsville 0 - Honolulu 0 |
TOP OF THE 4TH |
Brownsville Cannoneers batting - Pitching for Honolulu Tornado : RHP Chris Shuller
|
Batting: LHB Nick Gordian
|
0-0: SINGLE (Line Drive, 8RS, EV 101.3 MPH)
|
Batting: RHB Mike Lamberg
|
0-0: Grounds into double play, 5-4-3 (Groundball, 5, EV 103.8 MPH)
|
Batting: LHB Jim Draper
|
0-0: SINGLE (Groundball, 6D, EV 103.8 MPH)
|
Batting: LHB John Aronson
|
0-0: Ball 1-0: Called Strike 1-1: Swinging Strike 1-2: Ball 2-2: Strikes out swinging
|
Top of the 4th over - 0 runs, 2 hits, 0 errors, 1 left on base; Brownsville 0 - Honolulu 0 |
BOTTOM OF THE 4TH |
Honolulu Tornado batting - Pitching for Brownsville Cannoneers : RHP Chad Irwin
|
Batting: RHB Miguel Liriano
|
0-0: Called Strike 0-1: Foul Ball, location: 2F 0-2: Foul Ball, location: 5F 0-2: Foul Ball, location: 2F 0-2: Ball 1-2: Ball 2-2: Foul Ball, location: 2F 2-2: Strikes out swinging
|
Batting: LHB Roberto Lopez
|
0-0: Called Strike 0-1: Foul Ball, location: 2F 0-2: Ball 1-2: Strikes out looking
|
Batting: RHB Pete Amerson
|
0-0: Ball 1-0: Fly out, F3 (Popup, 23F, EV 86.9 MPH)
|
Bottom of the 4th over - 0 runs, 0 hits, 0 errors, 0 left on base; Brownsville 0 - Honolulu 0 |
TOP OF THE 5TH |
Brownsville Cannoneers batting - Pitching for Honolulu Tornado : RHP Chris Shuller
|
Batting: RHB Adam Pagnucco
|
0-0: Ground out 6-3 (Groundball, 6, EV 90.6 MPH)
|
Batting: RHB Rickey Brooks
|
0-0: Ball 1-0: Ball 2-0: Ball 3-0: Called Strike 3-1: Ground out 5-3 (Groundball, 56S, EV 90.6 MPH)
|
Batting: SHB Rick Miskovsky
|
0-0: Ball 1-0: Ball 2-0: Ground out 4-3 (Groundball, 4, EV 86.3 MPH)
|
Top of the 5th over - 0 runs, 0 hits, 0 errors, 0 left on base; Brownsville 0 - Honolulu 0 |
BOTTOM OF THE 5TH |
Honolulu Tornado batting - Pitching for Brownsville Cannoneers : RHP Chad Irwin
|
Batting: SHB Jonathan Laura
|
0-0: Called Strike 0-1: Ball 1-1: Swinging Strike 1-2: Strikes out swinging
|
Batting: RHB Jesus Pineda
|
0-0: Ball 1-0: Foul Ball, location: 9LDF 1-1: Fly out, F7 (Flyball, 7D, EV 104.4 MPH)
|
Batting: LHB Darryl Gridley
|
0-0: Called Strike 0-1: Swinging Strike 0-2: Strikes out swinging
|
Bottom of the 5th over - 0 runs, 0 hits, 0 errors, 0 left on base; Brownsville 0 - Honolulu 0 |
TOP OF THE 6TH |
Brownsville Cannoneers batting - Pitching for Honolulu Tornado : RHP Chris Shuller
|
Batting: RHB Rusty Hendershot
|
0-0: Ground out 6-3 (Groundball, 6MS, EV 91.3 MPH)
|
Batting: RHB Mike Dolan
|
0-0: Ball 1-0: Ball 2-0: Ground out 4-3 (Groundball, 4D, EV 99.4 MPH)
|
Batting: LHB Nick Gordian
|
0-0: Foul Ball, location: 5FF 0-1: Ball 1-1: Ball 2-1: Foul Ball, location: 7LMF 2-2: Ball 3-2: DOUBLE (Flyball, 89XD, EV 111.9 MPH)
|
Batting: RHB Mike Lamberg
|
0-0: Ball 1-0: Ball 2-0: Swinging Strike 2-1: Called Strike 2-2: Ground out U3 (Groundball, 34, EV 105.6 MPH)
|
Top of the 6th over - 0 runs, 1 hit, 0 errors, 1 left on base; Brownsville 0 - Honolulu 0 |
BOTTOM OF THE 6TH |
Honolulu Tornado batting - Pitching for Brownsville Cannoneers : RHP Chad Irwin
|
Batting: LHB Sergio Flores
|
0-0: Ball 1-0: Ball 2-0: Called Strike 2-1: Foul Ball, location: 7LSFF 2-2: Ground out 4-3 (Groundball, 4, EV 88.8 MPH)
|
Batting: RHB Jonathan Maldonado
|
0-0: Ball 1-0: Ball 2-0: Foul Ball, location: 3DF 2-1: Foul Ball, location: 2F 2-2: Foul Ball, location: 7LMF 2-2: Strikes out looking
|
Batting: LHB Vinny Vegas
|
0-0: Called Strike 0-1: Foul Ball, location: 7LMF 0-2: Ball 1-2: Foul Ball, location: 2RF 1-2: Foul Ball, location: 2F 1-2: Strikes out swinging
|
Bottom of the 6th over - 0 runs, 0 hits, 0 errors, 0 left on base; Brownsville 0 - Honolulu 0 |
TOP OF THE 7TH |
Brownsville Cannoneers batting - Pitching for Honolulu Tornado : RHP Chris Shuller
|
Batting: LHB Jim Draper
|
0-0: Foul Ball, location: 23F 0-1: Foul Ball, location: 2F 0-2: DOUBLE (Line Drive, 89D, EV 104.4 MPH)
|
Batting: LHB John Aronson
|
0-0: Ball 1-0: Called Strike 1-1: Ball 2-1: Fly out, F5 (Popup, 25F, EV 85.6 MPH)
|
Pitching: RHP Sayatnova Bagdasarian
|
|
Batting: RHB Adam Pagnucco
|
0-0: Swinging Strike 0-1: Swinging Strike 0-2: Strikes out swinging
|
Batting: RHB Rickey Brooks
|
0-0: Ball 1-0: DOUBLE (Line Drive, 7LD, EV 101.3 MPH) Jim Draper scores
|
Batting: SHB Rick Miskovsky
|
0-0: Ball 1-0: Foul Ball, location: 23F 1-1: Ball 2-1: Ball 3-1: Ground out 6-3 (Groundball, 6M, EV 80.0 MPH)
|
Top of the 7th over - 1 run, 2 hits, 0 errors, 1 left on base; Brownsville 1 - Honolulu 0 |
BOTTOM OF THE 7TH |
Honolulu Tornado batting - Pitching for Brownsville Cannoneers : RHP Chad Irwin
|
Batting: RHB Miguel Liriano
|
0-0: Called Strike 0-1: Ball 1-1: Ball 2-1: Ball 3-1: Called Strike 3-2: Fly out, F7 (Flyball, 7D, EV 102.5 MPH)
|
Batting: LHB Roberto Lopez
|
0-0: Ball 1-0: Ball 2-0: SOLO HOME RUN (Flyball, 9D, EV 90.6 MPH), Distance : 349 ft
|
Batting: RHB Pete Amerson
|
0-0: Foul Ball, location: 9LDF 0-1: Swinging Strike 0-2: Foul Ball, location: 9LDF 0-2: Ball 1-2: Strikes out looking
|
Batting: SHB Jonathan Laura
|
0-0: Swinging Strike 0-1: Ball 1-1: Called Strike 1-2: Ball 2-2: Foul Ball, location: 3FF 2-2: Foul Ball, location: 2F 2-2: Strikes out looking
|
Bottom of the 7th over - 1 run, 1 hit, 0 errors, 0 left on base; Brownsville 1 - Honolulu 1 |
TOP OF THE 8TH |
Brownsville Cannoneers batting - Pitching for Honolulu Tornado : RHP Sayatnova Bagdasarian
|
Pitching: LHP Noah Wooldridge
|
|
Batting: RHB Rusty Hendershot
|
0-0: Ball 1-0: Ball 2-0: Called Strike 2-1: Called Strike 2-2: Fly out, F8 (Line Drive, 8RS, EV 96.9 MPH)
|
Batting: RHB Mike Dolan
|
0-0: Ball 1-0: Ball 2-0: SINGLE (Line Drive, 89S, EV 99.4 MPH)
|
Batting: LHB Nick Gordian
|
0-0: Called Strike 0-1: Ball 1-1: Ball 2-1: Ball 3-1: 2-RUN HOME RUN (Flyball, 8LXD, EV 106.3 MPH), Distance : 424 ft
|
Batting: RHB Mike Lamberg
|
0-0: Called Strike 0-1: Foul Ball, location: 9LDF 0-2: Foul Ball, location: 23F 0-2: SINGLE (Popup, 6MD, EV 64.4 MPH)
|
Pitching: RHP Jalen Rankin
|
|
Batting: LHB Jim Draper
|
0-0: SINGLE (Groundball, 4MD, EV 94.4 MPH) Mike Lamberg to second
|
Batting: LHB John Aronson
|
0-0: Ball 1-0: Swinging Strike 1-1: Swinging Strike 1-2: SINGLE (Line Drive, 8RS, EV 91.3 MPH) Mike Lamberg to third Jim Draper to second Runner from 3rd tries for Home, SAFE, throw by CF to home
|
Batting: RHB Adam Pagnucco
|
0-0: Called Strike Jim Draper steals 3rd base 0-1: Foul Ball, location: 2F 0-2: Strikes out swinging
|
Batting: RHB Rickey Brooks
|
0-0: Ball 1-0: Called Strike 1-1: Foul Ball, location: 2F 1-2: Ball 2-2: Ball 3-2: Fly out, F4 (Popup, 4M, EV 76.3 MPH)
|
Top of the 8th over - 3 runs, 5 hits, 0 errors, 2 left on base; Brownsville 4 - Honolulu 1 |
BOTTOM OF THE 8TH |
Honolulu Tornado batting - Pitching for Brownsville Cannoneers : RHP Chad Irwin
|
Pitching: LHP Jason Morega
|
|
Batting: RHB Jesus Pineda
|
0-0: Called Strike 0-1: Foul Ball, location: 9LSF 0-2: Ball 1-2: Strikes out looking
|
Batting: LHB Darryl Gridley
|
0-0: Ball 1-0: Swinging Strike 1-1: Swinging Strike 1-2: Strikes out looking
|
Batting: LHB Sergio Flores
|
0-0: Ball 1-0: Ball 2-0: Ground out 4-3 (Groundball, 4, EV 81.9 MPH)
|
Bottom of the 8th over - 0 runs, 0 hits, 0 errors, 0 left on base; Brownsville 4 - Honolulu 1 |
TOP OF THE 9TH |
Brownsville Cannoneers batting - Pitching for Honolulu Tornado : RHP Jalen Rankin
|
Pitching: RHP Derek McDonald
|
|
Batting: SHB Rick Miskovsky
|
0-0: Ball 1-0: Ball 2-0: Fly out, F7 (Line Drive, 7, EV 86.3 MPH)
|
Batting: RHB Rusty Hendershot
|
0-0: Called Strike 0-1: Called Strike 0-2: Ball 1-2: Foul Ball, location: 9LMF 1-2: Ball 2-2: SINGLE (Groundball, 3D, EV 96.9 MPH)
|
Batting: RHB Mike Dolan
|
0-0: Called Strike Rusty Hendershot steals 2nd base 0-1: Ball 1-1: Fly out, F8 (Line Drive, 8LS, EV 89.4 MPH)
|
Batting: LHB Nick Gordian
|
0-0: Called Strike 0-1: Foul Ball, location: 7LSF 0-2: Ball 1-2: Strikes out swinging
|
Top of the 9th over - 0 runs, 1 hit, 0 errors, 1 left on base; Brownsville 4 - Honolulu 1 |
BOTTOM OF THE 9TH |
Honolulu Tornado batting - Pitching for Brownsville Cannoneers : LHP Jason Morega
|
Pitching: RHP Greg Ice
|
|
Batting: RHB Jonathan Maldonado
|
0-0: Swinging Strike 0-1: Swinging Strike 0-2: Strikes out swinging
|
Batting: LHB Vinny Vegas
|
0-0: Ball 1-0: Ball 2-0: Ball 3-0: Called Strike 3-1: Foul Ball, location: 5SF 3-2: Strikes out swinging
|
Batting: RHB Miguel Liriano
|
0-0: Ball 1-0: Called Strike 1-1: Ball 2-1: Fly out, F7 (Line Drive, 7S, EV 99.4 MPH)
|
Bottom of the 9th over - 0 runs, 0 hits, 0 errors, 0 left on base; Brownsville 4 - Honolulu 1 |
|